 Dungeon Crawl Stone Soup version 0.31.0-12-g77e489cdc1 (webtiles) character file.

Game seed: 3714328304114623541

133 Gadfly the Insei (level 4, 0/35 HPs)
             Began as a Demonspawn Monk on Mar 1, 2024.
             Slain by an adder (1 damage)
             ... on level 3 of the Dungeon.
             The game lasted 00:03:24 (2012 turns).

Gadfly the Insei (Demonspawn Monk)                  Turns: 2012, Time: 00:03:25

Health: 0/35       AC:  4    Str: 14    XL:     4   Next: 94%
Magic:  4/4        EV: 13    Int: 10    God:
Gold:   943        SH:  0    Dex: 15    Spells: 3/3 levels left

rFire   . . .        o - +0 spear (venom)
rCold   . . .        c - orb {light}
rNeg    . . .        l - +0 animal skin
rPois   .            (helmet currently unavailable)
rElec   .            (cloak currently unavailable)
rCorr   .            (gloves currently unavailable)
SInv    .            (boots currently unavailable)
Will    .....        (no amulet)
Stlth   +            m - ring of flight
HPRegen 0.25/turn    (no ring)
MPRegen 0.09/turn

%: no passive effects
@: beast-form, flying, glowing
A: beast (slay +1), horns 1, slimy green scales 1
a: Begin Untransformation


You were on level 3 of the Dungeon.
You were a hulking beast.
You visited 1 branch of the dungeon, and saw 3 of its levels.

You collected 943 gold pieces.

Inventory:

Hand Weapons
 b - a +1 dagger of draining
 o - a +0 spear of venom (weapon)
Armour
 c - an orb of light (worn)
 l - a +0 animal skin (worn)
Jewellery
 i - a ring of fire
 m - a ring of flight (left hand)
Talismans
 e - a beast talisman (active)
Scrolls
 a - 2 scrolls of blinking {unknown}
 g - a scroll of revelation
Potions
 d - a potion of might
 f - a potion of heal wounds
 h - a potion of ambrosia
 j - a potion of experience {unknown}
 k - a potion of haste {unknown}
 n - a potion of brilliance {unknown}


   Skills:
 - Level 3.2 Fighting
 + Level 3.2 Dodging
 * Level 3.3 Unarmed Combat
 * Level 2.2 Evocations
 * Level 1.7 Shapeshifting


You had 3 spell levels left.
You didn't know any spells.
Your spell library contained the following spells:

 Spells                   Type           Power      Damage    Failure   Level
 Necrotise                Necr           0%         1d4       36%         1
 Ensorcelled Hibernation  Hex/Ice        0%         N/A       50%         2
 Passwall                 Erth           0%         N/A       75%         3
 Swiftness                Air            0%         N/A       75%         3
 Vampiric Draining        Necr           0%         2d6       75%         3
 Martyr's Knell           Necr/Summ      0%         N/A       98%         4
 Curse of Agony           Necr           0%         N/A       100%        5


Dungeon Overview and Level Annotations

Branches:
Dungeon (3/15)

Altars:

Annotations:
D:3 Grinder


Innate Abilities, Weirdness & Mutations

You are a hulking beast.
Your limbs bulge with bestial killing power. (Slay +1)
You have a pair of small horns on your head.
You are partially covered in slimy green scales. (AC +2)


Message History

The adder closely misses you.
You hit Grinder.
Grinder is heavily wounded.
Grinder completely misses you. The adder bites you but does no damage.
You barely miss Grinder.
Grinder is heavily wounded.
The adder bites you but does no damage. Grinder barely misses you.
You hit Grinder but do no damage. You headbutt Grinder, but do no damage.
Grinder is heavily wounded.
The adder bites you. Grinder hits you!
You writhe in agony.
The adder barely misses you.
You are too injured to fight recklessly!
You are too injured to fight recklessly!
You are too injured to fight recklessly!
There are monsters nearby!
There are monsters nearby!
Unknown command.
Grinder blinks!
The adder completely misses you. The adder bites you.
You are poisoned.
The adder poisons you!
You feel sick.
You feel sick. The adder attacks as it pursues you! The adder bites you.
* * * LOW HITPOINT WARNING * * *
Items here: )) ††.
You feel sick.
You barely miss the adder. You headbutt the adder.
The adder is moderately wounded.
You feel sick. The adder bites you but does no damage.
The adder closely misses you.
You hit the adder. You headbutt the adder.
The adder is almost dead.
You feel sick. The adder bites you.
* * * LOW HITPOINT WARNING * * *
You barely miss the adder.
The adder is almost dead.
You feel sick.
You are no longer poisoned.
The adder bites you.
You die...

##..# # #........ ..###.#
#........ ...... #........
#..######## ####........
........... ..##........
##..##############.##........
##..............#.#.........
###..#########.#.#.........
#...# #h#...######## ##..#
#S#..## #..# #...## #..#
##.#.# #..#. ##..#.#
#..#...##.5.#.# .(.....(..#.#
##........#.# #..##....#.#


You could see Grinder and an adder.

Vanquished Creatures
  Robin (D:3)
  4 gnolls (D:3)
  3 adders
  A ribbon worm (D:2)
  10 ball pythons
  2 endoplasms (D:1)
  A giant cockroach (D:1)
  9 goblins
  9 hobgoblins
  3 jackals (D:2)
  2 bats (D:2)
  2 frilled lizards
  3 kobolds
  5 rats
55 creatures vanquished.

Notes
Turn   | Place    | Note
-------+----------+-------------------------------------------
     0 | D:1      | Gadfly the Demonspawn Monk began the quest for the Orb.
     0 | D:1      | Reached XP level 1. HP: 18/18 MP: 1/1
   208 | D:1      | Gained mutation: You are partially covered in slimy green
                  | scales. (AC +2) [demonic ancestry]
   208 | D:1      | Reached XP level 2. HP: 22/24 MP: 2/2
   520 | D:1      | Reached skill level 1 in Evocations
  1121 | D:2      | Gained mutation: You have a pair of small horns on your
                  | head. [demonic ancestry]
  1121 | D:2      | Reached XP level 3. HP: 29/29 MP: 3/3
  1134 | D:2      | Reached skill level 1 in Shapeshifting
  1241 | D:2      | Found a faded altar of an unknown god.
  1624 | D:2      | Identified a scroll of acquirement
  1624 | D:2      | Acquired 889 gold pieces
  1688 | D:3      | Noticed Robin
  1700 | D:3      | Killed Robin
  1701 | D:3      | Reached XP level 4. HP: 28/35 MP: 4/4
  1993 | D:3      | Noticed Grinder
  2012 | D:3      | HP: 1/35 [poisoned by an adder]
  2012 | D:3      | Slain by an adder

Illustrated notes

Levels and vault maps discovered:
D:1:      dpeg_arrival_rhombus, layout_basic
D:2:      layout_basic, ebering_ecumenical_altar_sacrificial,
          minmay_tetromino_t4
D:3:      layout_basic, uniq_robin, uniq_terence, uniq_grinder

Skill      XL: |  1  2  3  4 |
---------------+-------------+-----
Evocations     | 1 2 |  2.2
Shapeshifting  | 1 |  1.7
Unarmed Combat | 3 |  3.3
Dodging        | 3 |  3.2
Fighting       | |  3.2

Action                     |  1- 3 |  4- 6 || total
---------------------------+-------+-------++-------
  Melee: Unarmed           |    48 |       ||    48
         Dagger            |    55 |    36 ||    91
         Headbutt          |    15 |    11 ||    26
         Spear             |       |    16 ||    16
    Use: Scroll            |     7 |       ||     7
         Potion            |     1 |       ||     1
 Armour: Robe              |    44 |     2 ||    46
         Animal skin       |       |    28 ||    28
  Dodge: Dodged            |    66 |    48 ||   114
   Form: Beast             |     1 |       ||     1
